 Dungeon Crawl Stone Soup version 0.29.1-2-gbd0b4ee654 (webtiles) character file.

Game seed: 5176540518386834252

14 niceeffort the Grave Robber (level 2, -5/19 HPs)
             Began as a Human Necromancer on Nov 6, 2022.
             Slain by a gnoll
             ... wielding a +0 spear
              (7 damage)
             ... on level 2 of the Dungeon.
             The game lasted 00:13:57 (572 turns).

niceeffort the Grave Robber (Human Necromancer)      Turns: 572, Time: 00:13:58

Health: -5/19      AC:  2    Str:  8    XL:     2   Next: 55%
Magic:  5/5        EV: 12    Int: 15    God:
Gold:   39         SH:  0    Dex: 19    Spells: 4/5 levels left

rFire   . . .      SeeInvis .   f - +0 short sword
rCold   . . .      Faith    .   (no shield)
rNeg    . . .      Spirit   .   a - +0 robe
rPois   .          Reflect  .   (no helmet)
rElec   .          Harm     .   (no cloak)
rCorr   .          Rampage  .   (no gloves)
Will    .....                   (no boots)
Stlth   ++........              (no amulet)
HPRegen 0.06/turn               h - +6 ring of dexterity
MPRegen 0.09/turn               (no ring)

@: no status effects
A: no striking features
a: no special abilities


You were on level 2 of the Dungeon.
You visited 1 branch of the dungeon, and saw 2 of its levels.

You collected 39 gold pieces.

Inventory:

Hand Weapons
 f - a +0 short sword (weapon)
Missiles
 i - 5 stones
Armour
 a - a +0 robe (worn)
 e - a +0 ring mail
Jewellery
 h - a +6 ring of dexterity (left hand)
Scrolls
 c - 2 scrolls of teleportation {unknown}
 d - a scroll of identify {unknown}
Potions
 b - 2 potions of magic
 g - a potion of heal wounds {unknown}


   Skills:
 + Level 0.2 Fighting
 + Level 2.1 Dodging
 + Level 2.0 Stealth
 + Level 2.2 Spellcasting
 + Level 4.3 Necromancy


You had 4 spell levels left.
You knew the following spells:

 Your Spells              Type           Power      Damage    Failure   Level
a - Necrotise             Necr           56%        1d6       3%          1

Your spell library contained the following spells:

 Spells                   Type           Power      Damage    Failure   Level
 Vampiric Draining        Necr           14%        2d7       11%         3
 Animate Dead             Necr           14%        N/A       36%         4
 Agony                    Necr           14%        N/A       71%         5


Dungeon Overview and Level Annotations

Branches:
Dungeon (2/15)

Altars:


Message History

Aim: a hobgoblin (chance to affect: 84%)
The hobgoblin writhes in agony.
The hobgoblin hits you.
Casting: Necrotise (safe; 3% risk of failure)
Confirm with . or Enter, or press ? or * to list all spells.
Aiming: Necrotise (safe; 3% risk of failure)
Press: ? - help, Shift-Dir - straight line, f/p - hobgoblin
Aim: a hobgoblin (severely wounded, chance to affect: 84%)
You miscast Necrotise.
You are very lightly contaminated with residual magic.
Nothing appears to happen.
The hobgoblin hits you.
Casting: Necrotise (safe; 3% risk of failure)
Confirm with . or Enter, or press ? or * to list all spells.
Aiming: Necrotise (safe; 3% risk of failure)
Press: ? - help, Shift-Dir - straight line, f/p - hobgoblin
Aim: a hobgoblin (severely wounded, chance to affect: 84%)
The hobgoblin writhes in agony.
You kill the hobgoblin!
The dead are walking!
You swap places.
Your magical contamination has completely faded away.
You see here 5 stones.
i - 5 stones 2 gnolls come into view.
The gnoll shouts! x2; You hear a shout!
A gnoll comes into view. It is wielding a +0 flail.
Your hobgoblin skeleton crumbles into dust!
A gnoll comes into view. It is wielding a +0 spear.
The gnoll shouts!
The gnoll attacks as you move away! The gnoll completely misses you.
The gnoll hits you with a +3 flail!
Ouch! That really hurt!
A ball python comes into view.
The ball python hisses angrily.
The gnoll attacks as you move away! The gnoll hits you with a +3 flail.
* * * LOW HITPOINT WARNING * * *
The ball python bites you but does no damage.
The ball python misses you. The gnoll closely misses you. x2
The ball python bites you but does no damage.
The ball python barely misses you. The gnoll hits you with a +0 spear!
You die...

.........######.#####.#
#.#.#.#### #.......#
#.....# ###..####
###.### #..# #.# #..#
#.# #g.# ###.#######
#g.#
.........>#######g.#
###.###.........@g.#
###.# ......S...# ...<#
########### ##### . #


You could see 4 gnolls and a ball python.

Vanquished Creatures
  An adder (D:2)
  An endoplasm (D:1)
  A hobgoblin (D:2)
  A kobold (D:1)
  A ball python (D:1)
5 creatures vanquished.

Vanquished Creatures (others)
  A plant (D:1)
1 creature vanquished.

Grand Total: 6 creatures vanquished

Notes
Turn   | Place    | Note
-------+----------+-------------------------------------------
     0 | D:1      | niceeffort the Human Necromancer began the quest for the
                  | Orb.
     0 | D:1      | Reached XP level 1. HP: 13/13 MP: 3/3
   354 | D:1      | You fall into a shaft and drop 1 floor!
   449 | D:2      | Reached XP level 2. HP: 15/19 MP: 0/5
   572 | D:2      | Slain by a gnoll

Illustrated notes

Levels and vault maps discovered:
D:1:      giann_bridges, layout_loops_ring, ebering_ecumenical_altar_petrified
D:2:      layout_loops_ring, nicolae_concentric_dashed_squares_wild

Action                   || total
-------------------------++-------
Melee: Unarmed           ||     1
 Cast: Necrotise         ||    10
Armor: Robe              ||     3
Dodge: Dodged            ||    17
